 Dungeon Crawl Stone Soup version 0.30.1-11-g7821555f0a (webtiles) character file.

Game seed: 13758387860862516792

135 Arctor the Covered (level 5, -1/38 (42) HPs)
             Began as a Human Fighter on Jan 13, 2024.
             Slain by a wight
             ... wielding a +0 long sword
              (4 damage)
             ... in a sewer.
             The game lasted 00:02:11 (2465 turns).

Arctor the Covered (Human Fighter)                  Turns: 2465, Time: 00:02:12

HP:   -1/38 (42)    AC:  0    Str: 19    XL:     5   Next: 41%
MP:   5/5           EV: 11    Int:  8    God:
Gold: 183           SH:  4    Dex: 12    Spells: 5/5 levels left

rFire   . . .        a - +0 war axe
rCold   . . .        c - +0 buckler
rNeg    . . .        (no body armour)
rPois   .            (no helmet)
rElec   .            (no cloak)
rCorr   .            (no gloves)
SInv    .            (no boots)
Will    .....        j - amulet of magic regeneration
Stlth   +            (no ring)
HPRegen 0.26/turn    (no ring)
MPRegen 0.49/turn

%: no passive effects
@: drained
A: no striking features
a: no special abilities


You were in a sewer.
You visited 1 branch of the dungeon, and saw 3 of its levels.
You also visited: Sewer.

You collected 183 gold pieces.

Inventory:

Hand Weapons
 a - a +0 war axe (weapon)
Armour
 b - a +0 scale mail
 c - a +0 buckler (worn)
Jewellery
 j - an amulet of magic regeneration (around neck)
 o - a ring of fire
Scrolls
 e - 2 scrolls of brand weapon {unknown}
 g - a scroll of silence {unknown}
 h - 2 scrolls of identify {unknown}
 i - a scroll of magic mapping {unknown}
 l - a scroll of fog {unknown}
 m - a scroll of noise {unknown}
 n - a scroll of enchant weapon {unknown}
 p - 2 scrolls of butterflies {unknown}
Potions
 d - a potion of might
 f - 2 potions of brilliance {unknown}
 k - a potion of curing {unknown}
 q - a potion of lignification {unknown}


   Skills:
 - Level 3.7 Fighting
 + Level 3.0 Axes
 + Level 3.8 Armour
 + Level 3.8 Shields
 + Level 0.5 Spellcasting


You had 5 spell levels left.
You didn't know any spells.
Your spell library was empty.

Dungeon Overview and Level Annotations

Branches:
Dungeon (3/15)              Sewer (1/1)

Altars:

Shops:
D:1 (   D:2 [


Message History

Found an ancient bone altar of Kikubaaqudgha.
There are monsters nearby!
You slash the bat!
You kill the bat!
The bat closely misses you.
You slash the bat!
You kill the bat!
Unknown command.
There are monsters nearby!
There is an open door here.
Unknown command.
You hit the wight but do no damage. You slash the giant cockroach zombie!
The wight hits you with a +0 long sword.
You feel drained.
The giant cockroach zombie barely misses you.
You block the giant cockroach zombie's attack.
The wight hits you with a +0 long sword!
You feel drained.
The endoplasm quivers.
There are monsters nearby!
You slash the giant cockroach zombie!
You destroy the giant cockroach zombie!
You hit the wight but do no damage. You hit the kobold zombie.
The wight hits you with a +0 long sword!
The kobold zombie hits you.
Unknown command.
You are too injured to fight recklessly!
There are monsters nearby!
You are too injured to fight recklessly!
Unknown command.
You are too injured to fight recklessly!
There are monsters nearby!
Unknown command.
You hit the wight but do no damage. You hit the kobold zombie.
The wight hits you with a +0 long sword!
* * * LOW HITPOINT WARNING * * *
You feel drained.
* * * LOW HITPOINT WARNING * * *
The wight hits you with a +0 long sword.
You die...

#≈≈≈#≈≈≈≈~.#)..#~≈≈≈
#≈≈≈#≈≈≈≈≈).)≈...~≈~
#≈~~#~~~~..#≈≈≈#..~~
#≈≈≈#......#≈≈≈#....
#≈≈≈#'#######~#######
#≈..#......#...#.....
#≈≈~~.~~~≈......~~~~~
#≈≈~#≈≈~≈≈≈#...#≈≈≈
#############@####
#Jz.# ...Z...
+.......+ +.⌠._.⌠.+
+.......+ #..⌠.⌠..#
##.....##


You could see a wight, a kobold zombie and an endoplasm.

Vanquished Creatures
  Jessica (D:2)
  Robin (D:2)
  An adder (D:3)
  An ufetubus (Sewer)
  A worm (D:2)
  3 dart slugs
  11 bats
  5 endoplasms
  6 giant cockroaches
  11 goblins
  5 hobgoblins
  A quokka (D:2)
  2 giant cockroach zombies (Sewer)
  17 kobolds
  A kobold zombie (Sewer)
  5 rats
72 creatures vanquished.

Notes
Turn   | Place    | Note
-------+----------+-------------------------------------------
     0 | D:1      | Arctor the Human Fighter began the quest for the Orb.
     0 | D:1      | Reached XP level 1. HP: 18/18 MP: 1/1
   130 | D:1      | Reached XP level 2. HP: 24/24 MP: 2/2
   527 | D:1      | Found Udouhius's Antique Weapon Boutique.
   789 | D:1      | Reached XP level 3. HP: 29/29 MP: 3/3
   829 | D:2      | Found Bubrostro's Armour Emporium.
  1405 | D:2      | Noticed Jessica
  1410 | D:2      | Killed Jessica
  1411 | D:2      | Reached XP level 4. HP: 24/35 MP: 4/4
  1547 | D:2      | Noticed Robin
  1554 | D:2      | Killed Robin
  1869 | D:3      | Reached XP level 5. HP: 34/42 MP: 5/5
  2083 | D:3      | Found a glowing drain.
  2144 | Sewer    | Entered a sewer
  2459 | Sewer    | Found an ancient bone altar of Kikubaaqudgha.
  2465 | Sewer    | Slain by a wight

Illustrated notes

Levels and vault maps discovered:
D:1:      heliophobic_arrival_battle_scene, layout_loops_corners, serial_shops,
          nicolae_shop_tiny_waterfront
D:2:      layout_loops_corners, serial_shops, shop_fountains, uniq_jessica,
          uniq_robin
D:3:      layout_basic, mainiacjoe_overflow_alcove_2, gup_sewer_entry_glass,
          minmay_pentomino_pile
Sewer:    kennysheep_sewer_church

Skill      XL: |  1  2  3  4  5 |
---------------+----------------+-----
Axes           | 3 |  3.0
Fighting       | |  3.7
Armour         | |  3.8
Shields        | |  3.8
Spellcasting   | |  0.5

Action                     |  1- 3 |  4- 6 || total
---------------------------+-------+-------++-------
  Melee: War axe           |   100 |    85 ||   185
 Armour: Scale mail        |    60 |     8 ||    68
  Dodge: Dodged            |    61 |    44 ||   105
  Block: Buckler           |    20 |    28 ||    48
